 Dungeon Crawl Stone Soup version 0.17.2-1-ge4368a0 (webtiles) character file.

8258 Ladykiller69 the Cleaver (level 11, -4/80 HPs)
             Began as a Formicid Fighter on Sept 18, 2016.
             Was a Believer of Cheibriados.
             Slain by a skeletal warrior
             ... wielding a +0 hand axe
              (8 damage)
             ... on level 15 of the Dungeon.
             The game lasted 00:27:53 (10757 turns).

Ladykiller69 the Cleaver (Formicid Fighter)        Turns: 10757, Time: 00:27:53

Health: -4/80      AC: 12    Str: 33    XL:     11   Next: 52%
Magic:  10/11      EV:  9    Int: 12    God:    Cheibriados [**....]
Gold:   271        SH: 13    Dex: 14    Spells: 0 memorised, 10 levels left

rFire  . . .     SeeInvis +     a - +0 war axe
rCold  . . .     Clarity  .     M - +0 chain mail
rNeg   . . .     SustAt   .     c - +0 shield
rPois  .         Gourm    .     (helmet unavailable)
rElec  .         Spirit   .     (no cloak)
rCorr  .         Warding  .     l - +0 pair of gloves
rMut   .         Stasis   +     F - +0 pair of boots
MR     +....                    (no amulet)
Stlth  ..........               (no ring)
                                (no ring)

@: mighty, very slow, somewhat resistant to hostile enchantments, extremely
unstealthy
A: permanent stasis, dig shafts and tunnels, four strong arms, antennae 3
a: Dig, Shaft Self, Bend Time, Renounce Religion


You were on level 15 of the Dungeon.
You worshipped Cheibriados.
Cheibriados was pleased with you.
You were hungry.

You visited 2 branches of the dungeon, and saw 14 of its levels.
You also visited: Ossuary.

You collected 367 gold pieces.
You spent 96 gold pieces at shops.

Inventory:

Hand Weapons
 a - a +0 war axe (weapon)
 L - a +0 hand axe of flaming
Missiles
 y - 5 tomahawks (quivered)
Armour
 b - a +0 scale mail
 c - a +0 shield (worn)
 l - a +0 pair of gloves (worn)
 F - a +0 pair of boots (worn)
 M - a +0 chain mail (worn)
Wands
 v - a wand of confusion (17)
 w - a wand of frost (15)
 B - a wand of slowing (39)
Scrolls
 f - 2 scrolls of recharging {unknown}
 g - 4 scrolls of fog {unknown}
 h - a scroll of amnesia {unknown}
 m - a scroll of enchant armour {unknown}
 o - 3 scrolls of blinking {unknown}
 q - a scroll of enchant weapon {unknown}
 s - 13 scrolls of identify {unknown}
 t - 3 scrolls of teleportation {unknown}
 u - 3 scrolls of remove curse {unknown}
 A - 3 scrolls of immolation {unknown}
 C - a scroll of holy word {unknown}
 D - a scroll of silence {unknown}
 G - a scroll of fear {unknown}
 I - 2 scrolls of vulnerability {unknown}
 J - a scroll of random uselessness {unknown}
Potions
 d - 2 potions of might
 i - 3 potions of ambrosia {unknown}
 j - 2 potions of flight {unknown}
 n - 9 potions of curing
 x - a potion of berserk rage {unknown}
 z - 2 potions of lignification {unknown}
 H - a potion of heal wounds
 N - a potion of cancellation {unknown}
Books
 K - a book of Hinderance

   Spells                             Type                      Level
   a - Confusing Touch                Hexes                        2
   b - Confuse                        Hexes                        3
   c - Gell's Gravitas                Hexes/Translocation          3
   d - Petrify                        Transmutation/Earth          4
   e - Metabolic Englaciation         Hexes/Ice                    5
Comestibles
 e - 6 bread rations
 k - 2 slices of pizza
 p - 4 meat rations
 E - 3 fruits


   Skills:
 - Level 5.2 Fighting
 * Level 14.4 Axes
 - Level 5.0 Armour
 - Level 9.0 Shields


You had 10 spell levels left.
You didn't know any spells.

Dungeon Overview and Level Annotations

Branches:
Dungeon (15/15)            Temple (1/1) D:7          Depths (0/5) D:15
   Lair: D:8-11         Orc: D:9-12      Vaults: D:13-14

Altars:
Ashenzari
Cheibriados
Dithmenos
Elyvilon
Gozag
Kikubaaqudgha
Makhleb
Nemelex Xobeh
Okawaru
Qazlal
Ru
Sif Muna
Trog
Vehumet
Xom
Yredelemnul
Zin
The Shining One

Shops:
D:7 =!(=!

Annotations:
D:8 Joseph
D:9 Erica


Innate Abilities, Weirdness & Mutations

You are under a permanent stasis effect.
You can dig through walls and to a lower floor.
Your four strong arms can wield two-handed weapons with a shield.
You have a pair of large antennae on your head (SInv).


Message History

Drink which item? (? for menu, Esc to quit)
You feel much better.
The skeletal warrior hits you with a hand axe.
Drink which item? (? for menu, Esc to quit)
You feel very mighty all of a sudden.
The skeletal warrior hits you with a hand axe!!
* * * LOW HITPOINT WARNING * * *
You are too injured to fight recklessly!
You are too injured to fight recklessly!
You slash the skeletal warrior!
The skeletal warrior is heavily damaged.
The skeletal warrior moves out of view.
You slice the skeletal warrior!!
The skeletal warrior is severely damaged.
The skeletal warrior hits you with a hand axe!
* * * LOW HITPOINT WARNING * * *
You slash the skeletal warrior!
The skeletal warrior is almost destroyed.
The skeletal warrior hits you with a hand axe!
You die...

### #.## ## ##
##@# .R
..####z##.#
#.#...z.{.#
#.#.#####.#
#.#.# # . #.#.#
..#####.#.#
..........#
........#.......


You could see 2 skeletal warriors.

Vanquished Creatures
  The ghost of Goblin1989 the Bludgeoner, a journeyman DsFi of Gozag (D:15)
  A skeletal warrior (D:15)
  An efreet (D:15)
  A troll (D:13)
  Grinder (D:3)
  Prince Ribbit (D:7)
  3 two-headed ogres
  Sigmund (D:2)
  2 wraiths (Ossuary)
  2 yaks
  Grum (D:10)
  A steam dragon (D:13)
  2 hungry ghosts (D:7)
  Menkaure (D:4)
  4 wolves (D:10)
  Duvessa (D:7)
  A water moccasin (D:5)
  A sky beast (D:7)
  2 orc warriors
  An eye of draining (D:10)
  A phantom (D:7)
  4 ogres
  2 giant frogs
  3 big kobolds
  Dowan (D:7)
  4 scorpions
  5 wights
  3 crimson imps
  2 giant frog zombies
  2 hounds
  A centaur zombie (D:7)
  A centaur skeleton (D:5)
  7 orc priests
  Ijyb (D:3)
  2 giant frog skeletons
  5 iguanas
  A jelly (D:5)
  5 orc wizards
  8 worker ants
  2 sheep (D:8)
  2 hound skeletons (D:6)
  3 gnolls (D:8)
  9 adders
  An ooze (D:1)
  An adder skeleton (D:4)
  A worm (D:6)
  7 giant geckos
  37 orcs
  8 bats
  4 giant cockroaches
  19 goblins
  12 hobgoblins
  9 jackals
  8 kobolds
  3 ball python skeletons (Ossuary)
  A giant gecko skeleton (D:5)
  3 giant newts
  2 hobgoblin skeletons (Ossuary)
  2 hobgoblin zombies (Ossuary)
  A jackal skeleton (D:6)
  A jackal zombie (D:7)
  2 kobold zombies (Ossuary)
  2 quokkas
  2 quokka skeletons
  12 rats
241 creatures vanquished.

Notes
Turn   | Place    | Note
--------------------------------------------------------------
     0 | D:1      | Ladykiller69 the Formicid Fighter began the quest for the Orb.
     0 | D:1      | Reached XP level 1. HP: 18/18 MP: 1/1
    64 | D:1      | Reached XP level 2. HP: 22/24 MP: 2/2
   345 | D:1      | Reached XP level 3. HP: 27/30 MP: 3/3
  1178 | D:2      | Reached XP level 4. HP: 37/37 MP: 4/4
  1476 | D:2      | Reached skill level 4 in Shields
  1572 | D:2      | Noticed Sigmund
  1590 | D:2      | Killed Sigmund
  1590 | D:2      | Reached XP level 5. HP: 37/43 MP: 5/5
  1590 | D:2      | Reached XP level 6. HP: 42/49 MP: 6/6
  1656 | D:3      | Noticed Grinder
  1733 | D:3      | Noticed Ijyb
  1770 | D:3      | Killed Ijyb
  2152 | D:4      | Found a burning altar of Makhleb.
  2156 | D:4      | Found a glowing silver altar of Zin.
  2156 | D:4      | Noticed an angel
  2156 | D:4      | Noticed an Executioner
  2219 | D:4      | Noticed Menkaure
  2229 | D:4      | You fall through a shaft!
  2229 | D:5      | Entered Level 5 of the Dungeon
  2438 | D:4      | Reached XP level 7. HP: 24/55 MP: 7/7
  2726 | D:4      | Reached skill level 5 in Fighting
  2726 | D:4      | Reached skill level 5 in Shields
  2754 | D:4      | Killed Menkaure
  2754 | D:4      | Reached skill level 5 in Axes
  2754 | D:4      | Reached skill level 5 in Armour
  2986 | D:4      | Found a bloodstained altar of Trog.
  3299 | D:4      | Reached XP level 8. HP: 59/62 MP: 8/8
  3708 | D:3      | Killed Grinder
  3708 | D:3      | Reached skill level 6 in Axes
  4199 | D:5      | Reached skill level 7 in Axes
  4439 | D:6      | Found a sand-covered staircase.
  4443 | Ossuary  | Entered an ossuary
  4652 | Ossuary  | Noticed a flying skull
  4660 | Ossuary  | Noticed a flying skull
  4683 | Ossuary  | Reached XP level 9. HP: 51/68 MP: 9/9
  4764 | Ossuary  | Noticed a flying skull
  4809 | Ossuary  | Reached skill level 8 in Axes
  4943 | Ossuary  | Noticed a flying skull
  4945 | Ossuary  | Noticed a flying skull
  5495 | D:5      | Noticed a water moccasin
  5505 | D:5      | Killed a water moccasin
  5505 | D:5      | Reached skill level 9 in Axes
  5755 | D:5      | Found a glowing golden altar of the Shining One.
  5885 | D:6      | Found an opulent altar of Gozag.
  5978 | D:6      | Found a deep blue altar of Sif Muna.
  6157 | D:7      | Found Xaxzaqext's Jewellery Emporium.
  6213 | D:7      | Found Novuh's Antique Weapon Emporium.
  6221 | D:7      | Found Bitear's Jewellery Shoppe.
  6270 | D:7      | Found a shattered altar of Ashenzari.
  6270 | D:7      | Found Soudyn's Distillery.
  6304 | D:7      | Bought a potion of heal wounds for 60 gold pieces
  6304 | D:7      | Bought a potion of curing for 36 gold pieces
  6330 | D:7      | Found a staircase to the Ecumenical Temple.
  6341 | Temple   | Entered the Ecumenical Temple
  6357 | D:7      | Found Xuuvae's Distillery.
  6380 | D:7      | Noticed Dowan
  6381 | D:7      | Noticed Duvessa
  6406 | D:7      | Killed Duvessa
  6412 | D:7      | Killed Dowan
  6693 | D:7      | Reached skill level 10 in Axes
  6771 | D:7      | Reached XP level 10. HP: 67/74 MP: 10/10
  7274 | D:8      | Noticed Joseph
  7451 | D:8      | Noticed Prince Ribbit
  7474 | D:7      | Killed Prince Ribbit
  7581 | D:8      | Reached skill level 11 in Axes
  7875 | D:8      | You fall through a shaft for 2 floors!
  7875 | D:10     | Entered Level 10 of the Dungeon
  8194 | D:9      | Found a sparkling altar of Nemelex Xobeh.
  8194 | D:9      | Found a snail-covered altar of Cheibriados.
  8197 | D:9      | Found a shimmering altar of Xom.
  8199 | D:9      | Became a worshipper of Cheibriados the Contemplative
  8218 | D:9      | Noticed Grum
  8272 | D:10     | Killed Grum
  8478 | D:10     | Reached skill level 12 in Axes
  8747 | D:10     | Reached * piety under Cheibriados
  9154 | D:9      | Noticed Erica
  9537 | D:10     | Reached ** piety under Cheibriados
  9550 | D:10     | Noticed a hill giant
  9556 | D:10     | You fall through a shaft for 3 floors!
  9712 | D:13     | Reached XP level 11. HP: 74/80 MP: 11/11
  9719 | D:13     | Reached skill level 13 in Axes
 10286 | D:13     | Noticed a hill giant
 10289 | D:13     | You fall through a shaft for 2 floors!
 10289 | D:15     | Entered Level 15 of the Dungeon
 10289 | D:15     | Found a staircase to the Depths.
 10289 | D:15     | Noticed a fire giant
 10374 | D:15     | Noticed Goblin1989's ghost (journeyman DsFi)
 10410 | D:15     | Killed Goblin1989's ghost
 10410 | D:15     | Reached skill level 14 in Axes
 10726 | D:15     | Noticed a skeletal warrior
 10726 | D:15     | Noticed a skeletal warrior
 10743 | D:15     | Killed a skeletal warrior
 10745 | D:15     | Noticed a skeletal warrior
 10756 | D:15     | HP: 4/80 [skeletal warrior/hand axe (11)]
 10757 | D:15     | Slain by a skeletal warrior

Action                   |  1- 3 |  4- 6 |  7- 9 | 10-12 || total
-------------------------+-------+-------+-------+-------++-------
Melee: War axe           |   125 |   132 |   406 |   403 ||  1066
Throw: Throwing net      |       |       |     1 |       ||     1
       Tomahawk          |       |       |     9 |    14 ||    23
Invok: Bend Time         |       |       |       |     1 ||     1
 Abil: Dig               |       |     5 |     9 |     9 ||    23
       Shaft Self        |       |     1 |       |     3 ||     4
  Use: Potion            |       |       |       |     5 ||     5
  Eat: Chunk             |     1 |     3 |    19 |     8 ||    31
       Fruit             |       |     2 |       |       ||     2
       Beef jerky        |       |       |       |     2 ||     2
